 Dungeon Crawl Stone Soup version 0.27-a0-650-g8dd3ea4f36 (webtiles) character file.

Game seed: 7971926031292334775

289229 Pooter the Fencer (level 19, -12/174 HPs)
             Began as a Minotaur Monk on Mar 14, 2021.
             Was a High Priest of Okawaru.
             Killed from afar by a deep elf knight (31 damage)
             ... with a shard of ice
             ... on level 3 of the Elven Halls on Mar 16, 2021.
             The game lasted 06:11:17 (52692 turns).

Pooter the Fencer (Minotaur Monk)                  Turns: 52692, Time: 06:11:18

Health: -12/174    AC: 34    Str: 23    XL:     19   Next: 90%
Magic:  6/8        EV: 10    Int:  7    God:    Okawaru [*****.]
Gold:   568        SH:  5    Dex: 13    Spells: 18/18 levels left

rFire    + . .     SeeInvis +   W - +6 broad axe (antimagic)
rCold    . . .     Faith    .   (no shield)
rNeg     + + .     Spirit   .   c - +5 crystal plate armour
rPois    +         Reflect  +   I - +2 hat {Will+}
rElec    +         Harm     +   Z - scarf {rC+ rF+}
rCorr    .         Rampage  .   V - +1 pair of gloves {Stlth+}
Will     +++..     Rnd*Tele +   Q - +1 pair of boots "Qeom" {Harm +Inv rPois rN+ Str-5}
Stlth    ..........             T - amulet of reflection
HPRegen  1.39/turn              S - +4 ring of slaying
MPRegen  0.11/turn              g - ring "Duginod" {rC- rN+ Will+ Str+4 SInv}

@: heroic, corroded
A: horns 2, retaliatory headbutt, iridescent scales 1, poison resistance,
regeneration 1, electricity resistance, teleportitis 1
}: 2/15 runes: barnacled, gossamer
a: Renounce Religion, Evoke Invisibility, Heroism, Finesse


You were on level 3 of the Elven Halls.
You worshipped Okawaru.
Okawaru was extremely pleased with you.
You visited 7 branches of the dungeon, and saw 35 of its levels.
You visited the Abyss 1 time.
You also visited: Sewer, Bailey, Gauntlet and Ice Cave.

You collected 5040 gold pieces.
You spent 4472 gold pieces at shops.

Inventory:

Hand Weapons
 a - a +9 great sword of freezing
   (You took it off a wight on level 8 of the Dungeon)
 b - the +6 hunting sling of Uneysoq {freeze, Will++ Int+2 Dex+4}
   (You found it on level 4 of the Dungeon)

   It causes projectiles fired from it to freeze those they strike, causing
   extra injury to most foes and up to half again as much damage against
   particularly susceptible opponents.
   They can also slow down cold-blooded creatures.
   It affects your intelligence (+2).
   It affects your dexterity (+4).
   It affects your willpower, your defense against some magical effects.
 w - a +5 vorpal triple sword
   (Okawaru gifted it to you on level 3 of the Shoals)
 W - a +6 antimagic broad axe (weapon)
   (Okawaru gifted it to you on level 4 of the Lair of Beasts)
Missiles
 e - 140 boomerangs (quivered)
 l - 401 sling bullets
 y - 3 curare-tipped darts
 B - 13 silver boomerangs
 H - 62 javelins
 O - 7 silver javelins
Armour
 c - a +5 crystal plate armour (worn)
   (You found it on level 1 of the Elven Halls)
 I - a +2 hat of willpower (worn)
   (You took it off Gastronok on level 3 of the Lair of Beasts)
 Q - the +1 pair of boots "Qeom" (worn) {Harm +Inv rPois rN+ Str-5}
   (You found it in a Gauntlet)

   It affects your strength (-5).
   It protects you from poison.
   It protects you from negative energy.
   It lets you turn invisible.
   It increases damage dealt and taken.
 V - a +1 pair of gloves of stealth (worn)
   (Okawaru gifted it to you on level 5 of the Abyss)
 Z - a scarf of resistance (worn)
   (You found it on level 3 of the Lair of Beasts)
Jewellery
 g - the ring "Duginod" (left hand) {rC- rN+ Will+ Str+4 SInv}
   (You found it in a bailey)

   [ring of positive energy]

   It affects your strength (+4).
   It makes you vulnerable to cold.
   It protects you from negative energy.
   It affects your willpower, your defense against some magical effects.
   It lets you see invisible.
 C - a ring of resist corrosion
   (You found it on level 4 of the Spider Nest)
 F - the ring of the Good {rElec rF+ rN+ Int-5}
   (You found it on level 2 of the Elven Halls)

   [ring of protection from fire]

   It affects your intelligence (-5).
   It protects you from fire.
   It insulates you from electricity.
   It protects you from negative energy.
 G - the ring of Ziwienud {+Fly Str+4}
   (You bought it in a shop on level 2 of the Orcish Mines)

   [ring of flight]

   It affects your strength (+4).
   It lets you fly.
 S - a +4 ring of slaying (right hand)
   (You bought it in a shop on level 2 of the Orcish Mines)
 T - an amulet of reflection (around neck)
   (You bought it in a shop on level 2 of the Orcish Mines)
Wands
 d - a wand of iceblast (36)
   (You found it on level 6 of the Dungeon)
 f - a wand of flame (35)
   (You found it on level 7 of the Dungeon)
 s - a wand of charming (13)
   (You found it on level 6 of the Lair of Beasts)
 u - a wand of paralysis (6)
   (You found it on level 1 of the Elven Halls)
 x - a wand of acid (2)
   (You found it on level 7 of the Dungeon)
 D - a wand of digging (7)
   (You found it on level 9 of the Dungeon)
 U - a wand of polymorph (25)
   (You found it on level 1 of the Lair of Beasts)
Scrolls
 i - 6 scrolls of identify {@r1}
 o - 2 scrolls of blinking
 t - 15 scrolls of teleportation {@r4}
 A - 2 scrolls of summoning
 E - 8 scrolls of fear
 L - 6 scrolls of magic mapping
 M - 4 scrolls of immolation {!r}
 N - 2 scrolls of holy word
 X - a scroll of silence
 Y - 7 scrolls of fog
Potions
 h - 5 potions of haste {@q3}
 j - 2 potions of attraction {!q}
 m - 2 potions of invisibility
 n - a potion of ambrosia {Ambrosia, unknown}
 q - 8 potions of heal wounds {@q2}
 r - 4 potions of cancellation
 v - 10 potions of curing {@q1}
 z - 8 potions of lignification {!q}
 K - 4 potions of resistance
 P - 10 potions of might
 R - 6 potions of mutation {!q}
Miscellaneous
 k - a tin of tremorstones (2/2)
   (You found it on level 4 of the Lair of Beasts)
 p - a box of beasts
   (You found it on level 5 of the Lair of Beasts)
 J - a condenser vane
   (You found it in a bailey)


   Skills:
 + Level 16.6(21.6) Fighting
 * Level 19.8(24.8) Long Blades
 + Level 16.6(21.6) Axes
 - Level 11.6(18.0) Slings
 - Level 9.2(16.3) Throwing
 + Level 11.1(16.1) Armour
 + Level 11.1(16.1) Dodging
 - Level 1.7(6.7) Stealth
 - Level 11.9 Invocations
 + Level 12.0 Evocations


You had 18 spell levels left.
You didn't know any spells.
Your spell library contained the following spells:

 Spells                   Type           Power      Damage    Failure   Level
 Animate Skeleton         Necr           0%         N/A       100%        1
 Beastly Appendage        Tmut           0%         N/A       100%        1
 Foxfire                  Conj/Fire      0%         2x1d4     100%        1
 Freeze                   Ice            0%         1d3       100%        1
 Pain                     Necr           0%         1d4       100%        1
 Shock                    Conj/Air       0%         1d3       100%        1
 Sting                    Tmut/Pois      0%         1d3       100%        1
 Poisonous Vapours        Pois/Air       0%         N/A       100%        2
 Swiftness                Air            0%         N/A       100%        2
 Wereblood                Tmut           0%         N/A       100%        2
 Confusing Touch          Hex            0%         N/A       100%        3
 Conjure Flame            Conj/Fire      0%         6-21      100%        3
 Frozen Ramparts          Ice            0%         1d2       100%        3
 Gell's Gravitas          Tloc           0%         N/A       100%        3
 Ignite Poison            Fire/Tmut/Pois 0%         N/A       100%        3
 Inner Flame              Hex/Fire       0%         N/A       100%        3
 Lesser Beckoning         Tloc           0%         N/A       100%        3
 Mephitic Cloud           Conj/Pois/Air  0%         N/A       100%        3
 Ozocubu's Armour         Ice            0%         N/A       100%        3
 Portal Projectile        Hex/Tloc       0%         N/A       100%        3
 Spider Form              Tmut/Pois      0%         N/A       100%        3
 Static Discharge         Conj/Air       0%         N/A       100%        3
 Vampiric Draining        Necr           0%         2d6       100%        3
 Airstrike                Air            0%         N/A       100%        4
 Animate Dead             Necr           0%         N/A       100%        4
 Hailstorm                Conj/Ice       0%         3d3       100%        4
 Ice Form                 Ice/Tmut       0%         N/A       100%        4
 Manifold Assault         Tloc           0%         N/A       100%        4
 Olgreb's Toxic Radiance  Pois           0%         N/A       100%        4
 Passage of Golubria      Tloc           N/A        N/A       100%        4
 Petrify                  Tmut/Erth      0%         N/A       100%        4
 Sticky Flame             Conj/Fire      0%         2d3       100%        4
 Summon Ice Beast         Ice/Summ       0%         N/A       100%        4
 Summon Lightning Spire   Summ/Air       0%         N/A       100%        4
 Agony                    Necr           0%         N/A       100%        5
 Blade Hands              Tmut           0%         N/A       100%        5
 Fireball                 Conj/Fire      0%         3d3       100%        5
 Irradiate                Conj/Tmut      0%         3d13      100%        5
 Lightning Bolt           Conj/Air       0%         1d11      100%        5
 Metabolic Englaciation   Hex/Ice        0%         N/A       100%        5
 Summon Forest            Summ/Tloc      0%         N/A       100%        5
 Yara's Violent Unravell  Hex/Tmut       0%         3d3       100%        5
 Dispersal                Tloc           0%         N/A       100%        6
 Hydra Form               Tmut           0%         N/A       100%        6
 Statue Form              Tmut/Erth      0%         N/A       100%        6
 Dragon Form              Tmut           0%         N/A       100%        7
 Ozocubu's Refrigeration  Ice            0%         4d5       100%        7
 Disjunction              Tloc           0%         N/A       100%        8


Dungeon Overview and Level Annotations

Branches:
Dungeon (15/15)            Temple (1/1) D:7            Lair (6/6) D:10
 Shoals (4/4) Lair:2       Spider (4/4) Lair:3        Slime (0/5) Lair:5
    Orc (2/2) D:12            Elf (3/3) Orc:2        Vaults (0/5) D:13
 Depths (0/5) D:15          Sewer (visited)          Bailey (visited)
  IceCv (visited)         Gauntlet (visited)

Altars:
Cheibriados
Dithmenos
Elyvilon
Gozag
Hepliaklqana
Kikubaaqudgha
Nemelex Xobeh
Okawaru
Qazlal
Ru
Sif Muna
Trog
Vehumet
Wu Jian
Xom
Yredelemnul
Zin
Beogh
Jiyva

Shops:
D:4 (??[(   D:5 *   D:13 [   Orc:1 !   Orc:2 =!*=   Elf:1 :=:   Elf:2 !

Portals:
Abyss: Shoals:2

Annotations:
D:4 1 runed translucent door, Crazy Yiuf
Lair:5 2 transporters, Panli's ghost, journeyman CeAM
Shoals:2 2 transporters, Demosthentine's ghost, adept MfGl
Shoals:3 2 transporters, finalsalamander's ghost, adept HOMo
Shoals:4 1 runed translucent door, gregwegmann's ghost, adept TrMo
Elf:2 5 runed translucent doors


Innate Abilities, Weirdness & Mutations

You have a pair of horns on your head.
You reflexively headbutt those who attack you in melee.
You are partially covered in iridescent scales. (AC +2)
Your system is resistant to poisons. (rPois)
Your natural rate of healing is unusually fast.
You are resistant to electric shocks. (rElec)
You are occasionally teleported next to monsters.


Message History

The deep elf knight flickers and vanishes for a moment.
The deep elf death mage hits you but does no damage.
The deep elf death mage casts a spell at you.
The bolt of negative energy hits you but does no damage.
You partially resist.
There is a stone staircase leading up here.
You gain the combat prowess of a mighty hero.
The deep elf knight casts a spell at itself.
The deep elf knight flickers and vanishes for a moment.
The deep elf knight hits you from afar with a +3 vorpal trident.
You slash the deep elf death mage!
The deep elf death mage's magic leaks into the air.
The deep elf knight hits you from afar with a +3 vorpal trident!
The deep elf knight casts a spell.
The deep elf knight seems to speed up.
You slice the deep elf death mage!!
The deep elf death mage's magic leaks into the air.
You barely miss the deep elf sorcerer. The deep elf knight barely misses you.
The deep elf sorcerer casts a spell at you.
The bolt of acid hits you!! The acid corrodes you!
You are splashed with acid!
The deep elf knight casts a spell at you.
The shard of ice hits you!!!
* * * LOW HITPOINT WARNING * * *
The deep elf sorcerer hits you but does no damage.
A deep elf pyromancer comes into view. It is wielding a +0 dagger.
You hit the deep elf sorcerer.
The deep elf sorcerer's magic leaks into the air.
Your headbutt misses the deep elf sorcerer.
You slice the deep elf death mage!!
You kill the deep elf death mage!
Okawaru accepts your kill.
You slash the deep elf knight!
The deep elf knight's magic leaks into the air.
The deep elf knight hits you with a +3 vorpal trident.
* * * LOW HITPOINT WARNING * * *
* * * LOW HITPOINT WARNING * * *
The deep elf sorcerer hits you but does no damage.
The deep elf pyromancer mumbles some strange words.
The deep elf pyromancer gestures wildly while chanting.
The deep elf knight hits you from afar with a +3 vorpal trident.
* * * LOW HITPOINT WARNING * * *
* * * LOW HITPOINT WARNING * * *
The deep elf sorcerer points at you and mumbles some strange words.
The bolt of acid hits you!!
* * * LOW HITPOINT WARNING * * *
You are splashed with acid!
* * * LOW HITPOINT WARNING * * *
The deep elf knight casts a spell at you.
The shard of ice hits you!!
You die...

...#####[.........,*
...# ##.........**
..## *#+.......#* .##
*#.##.....## '#
##.#**##'###
.#####.######.########
........E............#
..............ee.....#
..).....eEe..e..@....#
................)....#
≈≈≈≈≈≈≈≈≈≈E≈≈≈≈≈≈≈≈≈≈#
≈≈≈≈≈≈≈≈≈≈≈≈≈≈≈≈≈≈≈≈≈#
######################
,,,,,,,,,,,,,,,,,,,,,*
,,,,,,,,,,,,,,,,,,,,,*
###+##*+*********+****
.....#,,,,,,,,*,,,,,,*


You could see a deep elf sorcerer (fast), 2 deep elf knights, a deep elf
pyromancer and 2 fire elementals.

Vanquished Creatures
  Mara (Shoals:3)
  Nikola (Shoals:3)
  Arachne (Spider:4)
  The ghost of Gerad the Fencer, a veteran VSAK of Lugonu (Elf:2)
  A lich (Abyss:5)
  An Ice Fiend (IceCv)
  A deep elf master archer (Elf:3)
  Gastronok (Lair:3)
  4 tentacled starspawn
  Agnes (Spider:1)
  2 orc warlords
  8 deep elf sorcerers
  Aizul (Shoals:1)
  9 ghost moths
  2 emperor scorpions
  2 deep elf elementalists
  A reaper (Abyss:3)
  6 entropy weavers
  A minotaur (Gauntlet)
  3 deep elf annihilators
  3 deep elf demonologists (Elf:1)
  3 dire elephants
  2 spark wasps
  3 deep elf death magi
  3 merfolk javelineers
  An ettin (D:15)
  12 merfolk impalers
  Josephine (Orc:1)
  The ghost of bilbop the Grappler, a journeyman TrBe of Trog (Lair:2)
  3 deep elf high priests
  7 boulder beetles
  10 hydras
  8 vault guards (D:13)
  6 centaur warriors
  2 catoblepae
  6 ogre magi
  4 merfolk avatars
  21 two-headed ogres
  An alligator snapping turtle (Shoals:4)
  3 satyrs
  10 dancing weapons
  3 merfolk aquamancers (Shoals:4)
  A queen ant (Lair:2)
  13 death yaks (Lair:6)
  A deep troll shaman (Lair:6)
  Urug (Orc:2)
  2 orc high priests
  7 deep elf knights
  5 sea snakes
  A death drake (Abyss:3)
  A deep troll (D:15)
  8 deep elf archers
  A quicksilver dragon simulacrum (Abyss:5)
  A lindwurm (Lair:5)
  3 wizards
  4 unseen horrors
  A kraken simulacrum (Shoals:4)
  A necromancer (Gauntlet)
  24 deep elf pyromancers
  16 deep elf zephyrmancers
  Pikel (D:4)
  A phantasmal warrior (Abyss:5)
  30 harpies
  2 orc knights
  4 orc sorcerers
  12 orb spiders
  15 wolf spiders
  6 cyclopes
  10 ugly things
  13 manticores
  5 slime creatures
  2 oklob plants (Lair:5)
  2 moths of wrath
  16 elephants
  A worldbinder (Abyss:5)
  A black mamba (Lair:3)
  5 water nymphs
  A rust devil (Gauntlet)
  3 merfolk sirens
  4 ice statues
  A smoke demon (Abyss:3)
  2 torpor snails
  Joseph (Lair:1)
  5 komodo dragons
  17 cane toads
  11 demonic crawlers
  4 rime drakes
  A yaktaur (Shoals:3)
  2 golden dragon simulacra (IceCv)
  An anaconda simulacrum (IceCv)
  3 kobold demonologists
  2 ancient zymes
  A hellwing (Abyss:5)
  13 ice devils
  A queen bee (shapeshifter) (D:14)
  18 jumping spiders
  27 merfolk
  A meliai (shapeshifter) (Elf:1)
  3 polar bears
  7 trolls
  6 meliai
  14 hornets
  A queen bee (Lair:2)
  A blink frog (shapeshifter) (D:14)
  Grinder (D:6)
  3 raiju (Abyss:5)
  6 wind drakes
  2 dream sheep (Shoals:3)
  14 snapping turtles
  A meliai zombie (D:15)
  65 redbacks
  A tarantella (shapeshifter) (Elf:1)
  An air elemental (Elf:3)
  A shadow (D:14)
  36 tarantellas
  11 spriggans
  5 wyverns
  A ynoxinul (Gauntlet)
  20 yaks
  9 water elementals
  2 dire elephant simulacra (IceCv)
  A hog (shapeshifter) (Elf:1)
  6 wraiths
  2 basilisks
  2 neqoxecs (Abyss:3)
  2 steam dragons
  2 fire elementals (Elf:2)
  3 harpy simulacra (IceCv)
  3 wargs
  2 iron troll simulacra (IceCv)
  A soldier ant (Lair:2)
  11 water moccasins
  2 acid dragons
  A hell hound (Spider:1)
  6 sky beasts
  3 ice beasts
  37 orc warriors
  3 black bears
  34 ogres
  28 wolves
  3 large abominations
  23 centaurs
  2 phantoms
  5 kobold brigands
  2 gnoll sergeants
  26 bullfrogs
  An earth elemental (Elf:3)
  2 small abominations
  A scorpion (D:5)
  3 water moccasin skeletons
  34 killer bees
  A howler monkey (D:7)
  13 wights
  13 electric eels
  2 centaur zombies
  10 hounds
  3 quasits
  4 iron imps
  4 jellies
  2 bullfrog skeletons
  4 centaur skeletons
  16 orc priests
  3 iguanas
  22 worker ants
  30 orc wizards
  2 killer bee zombies
  A hound zombie (D:10)
  11 gnolls
  18 adders
  3 shadow imps (Gauntlet)
  2 white imps
  8 ufetubi
  10 oozes
  3 worms
  A dart slug (D:2)
  21 leopard geckos
  95 orcs
  22 giant cockroaches
  14 goblins
  12 hobgoblins
  4 quokkas
  16 ball pythons
  5 bats
  18 frilled lizards
  A giant cockroach zombie (D:5)
  47 kobolds
  6 rats
  A lurking horror (Abyss:5)
  3 starspawn tentacles
  A tentacle (Shoals:4)
1411 creatures vanquished.

Vanquished Creatures (collateral kills)
  A tarantella (Spider:4)
1 creature vanquished.

Vanquished Creatures (others)
  A deep elf knight (Elf:1)
  A deep elf zephyrmancer (Elf:1)
  A dream sheep (Shoals:3)
  5 demonic plants (Abyss:5)
  42 fungi
  101 plants
  10 starspawn tentacles
  3 tentacles (Shoals:4)
164 creatures vanquished.

Grand Total: 1576 creatures vanquished

Notes
Turn   | Place    | Note
-------+----------+-------------------------------------------
     0 | D:1      | Pooter the Minotaur Monk began the quest for the Orb.
     0 | D:1      | Reached XP level 1. HP: 19/19 MP: 0/0
   116 | D:1      | Reached XP level 2. HP: 16/27 MP: 1/1
   540 | D:1      | Reached skill level 1 in Slings
   603 | D:1      | Reached XP level 3. HP: 18/33 MP: 2/2
  1436 | D:2      | Reached XP level 4. HP: 40/40 MP: 3/3
  2134 | D:3      | Reached XP level 5. HP: 47/47 MP: 4/4
  2399 | D:3      | Reached skill level 5 in Axes
  2505 | D:3      | Reached skill level 5 in Fighting
  2507 | D:3      | Reached XP level 6. HP: 24/56 MP: 5/5
  2890 | D:4      | Found a runed translucent door.
  2891 | D:4      | Noticed Crazy Yiuf
  2902 | D:4      | Found Zeypisie's Antique Armour Boutique.
  2953 | D:4      | Reached skill level 5 in Slings
  3029 | D:4      | Identified the +6 hunting sling of Uneysoq {freeze, Will++
                  | Int+2 Dex+4}
  3041 | D:4      | Reached XP level 7. HP: 61/61 MP: 6/6
  3041 | D:4      | Noticed Pikel
  3052 | D:4      | Killed Pikel
  3086 | D:4      | Found Zunnovvyl's Weapon Shoppe.
  3124 | D:4      | Reached XP level 8. HP: 62/71 MP: 7/7
  3247 | D:4      | Found Muegir's Magic Scroll Shop.
  3250 | D:4      | Bought a scroll of enchant weapon for 90 gold pieces
  3250 | D:4      | Bought a scroll of magic mapping for 42 gold pieces
  3250 | D:4      | Bought a scroll of identify for 24 gold pieces
  3438 | D:4      | Found Wadez's Magic Scroll Boutique.
  3565 | D:4      | Bought a scroll of identify for 26 gold pieces
  3620 | D:4      | Found Ockessos's Antique Weapon Emporium.
  3745 | D:5      | Entered Level 5 of the Dungeon
  3775 | D:5      | Found Wekkizi's Assorted Antiques.
  3814 | D:5      | Found a glowing drain.
  3829 | Sewer    | Entered a sewer
  5476 | D:4      | Bought a scroll of enchant weapon for 97 gold pieces
  5877 | D:6      | Reached XP level 9. HP: 81/81 MP: 8/8
  6008 | D:6      | Found an ornate altar of the Wu Jian Council.
  6117 | D:6      | Found a shadowy altar of Dithmenos.
  6247 | D:5      | Bought a scroll of identify for 42 gold pieces
  6322 | D:6      | Noticed Grinder
  6322 | D:6      | Paralysed by Grinder for 3 turns
  6329 | D:6      | Killed Grinder
  6330 | D:6      | Reached skill level 1 in Evocations
  6330 | D:6      | Found a bloodstained altar of Trog.
  6542 | D:6      | Found a basalt altar of Yredelemnul.
  6550 | D:6      | Found a stormy altar of Qazlal.
  6553 | D:6      | Found a shimmering blue altar of Sif Muna.
  6746 | D:7      | Found a staircase to the Ecumenical Temple.
  6855 | Temple   | Entered the Ecumenical Temple
  6865 | Temple   | Became a worshipper of Warmaster Okawaru
  6865 | Temple   | Reached * piety under Okawaru
  6865 | Temple   | Reached ** piety under Okawaru
  6942 | D:7      | Reached skill level 10 in Slings
  7981 | D:8      | Found a flagged portal.
  7996 | Bailey   | Entered a bailey
  8591 | Bailey   | Reached XP level 10. HP: 48/89 MP: 4/9
  8594 | Bailey   | Reached skill level 1 in Long Blades
  8966 | Bailey   | Identified the ring "Duginod" {rC- rN+ Will+ Str+4 SInv}
  9115 | D:8      | Reached *** piety under Okawaru
  9133 | D:8      | Reached skill level 2 in Long Blades
  9133 | D:8      | Reached skill level 1 in Invocations
  9287 | D:4      | Bought a glowing war axe for 130 gold pieces
  9345 | D:4      | Bought a scroll of enchant weapon for 97 gold pieces
  9345 | D:4      | Bought a scroll of immolation for 45 gold pieces
  9345 | D:4      | Bought a scroll of enchant armour for 97 gold pieces
  9382 | D:4      | Bought a scroll of magic mapping for 42 gold pieces
  9382 | D:4      | Bought a scroll of immolation for 42 gold pieces
  9525 | D:8      | Paralysed by a hornet for 1 turns
  9652 | D:8      | Reached skill level 1 in Throwing
  9682 | D:8      | Reached skill level 3 in Long Blades
  9757 | D:8      | Found a radiant altar of Vehumet.
  9778 | D:8      | Found a stormy altar of Qazlal.
 10664 | D:9      | Found a snail-covered altar of Cheibriados.
 10667 | D:9      | Found a glowing silver altar of Zin.
 10677 | D:9      | Found a hazy altar of Hepliaklqana.
 10678 | D:9      | Found an opulent altar of Gozag.
 10678 | D:9      | Found an ancient bone altar of Kikubaaqudgha.
 10678 | D:9      | Found a shadowy altar of Dithmenos.
 10789 | D:10     | Entered Level 10 of the Dungeon
 10812 | D:10     | Noticed an unseen horror
 10817 | D:10     | Killed an unseen horror
 10817 | D:10     | Reached **** piety under Okawaru
 10818 | D:10     | Reached skill level 4 in Long Blades
 10839 | D:10     | Noticed a two-headed ogre
 10840 | D:10     | Received a gift from Okawaru
 11096 | D:10     | Killed a two-headed ogre
 11097 | D:10     | Reached skill level 5 in Long Blades
 11184 | D:10     | Reached XP level 11. HP: 89/99 MP: 12/12
 11293 | D:10     | Found a staircase to the Lair.
 11335 | D:10     | Identified the +1 hand axe of the End {venom, Int+6 Dex-4
                  | SInv}
 11431 | D:10     | Reached skill level 10 in Axes
 11437 | D:10     | Reached ***** piety under Okawaru
 11747 | D:10     | Noticed a two-headed ogre
 11752 | D:10     | Killed a two-headed ogre
 11955 | D:10     | Reached skill level 10 in Fighting
 11956 | D:10     | Reached skill level 6 in Long Blades
 12497 | Lair:1   | Entered Level 1 of the Lair of Beasts
 12580 | Lair:1   | Noticed a seven-headed hydra
 12584 | Lair:1   | Killed a seven-headed hydra
 12924 | Lair:1   | Noticed a four-headed hydra
 12930 | Lair:1   | Killed a four-headed hydra
 12930 | Lair:1   | Identified the +1 scale mail of the Beginning {-Cast rElec
                  | rPois Int+5} (Okawaru gifted it to you on level 1 of the
                  | Lair of Beasts)
 12930 | Lair:1   | Received a gift from Okawaru
 12935 | Lair:1   | Reached skill level 7 in Long Blades
 13558 | Lair:1   | Noticed Joseph
 13563 | Lair:1   | Killed Joseph
 13839 | Lair:1   | Reached skill level 5 in Evocations
 14145 | Lair:2   | Noticed a seven-headed hydra
 14156 | Lair:2   | Killed a seven-headed hydra
 14157 | Lair:2   | Reached skill level 8 in Long Blades
 14182 | Lair:2   | Found a transporter.
 14183 | Lair:2   | Identified the +8 trident "Amuet" {vorpal, Int+2 Stlth+}
 14183 | Lair:2   | Noticed a spriggan rider
 14187 | Lair:2   | Noticed bilbop's ghost (journeyman TrBe)
 14189 | Lair:2   | Identified the +8 trident of Naivuit {flame, rC+ Will-
                  | Str+4 Dex+3}
 14189 | Lair:2   | Noticed a spriggan rider
 14220 | Lair:2   | Found a bloodstained altar of Trog.
 14250 | Lair:2   | Reached XP level 12. HP: 71/108 MP: 9/14
 14382 | Lair:2   | Found a staircase to the Shoals.
 14964 | Lair:2   | Reached ****** piety under Okawaru
 15000 | Lair:2   | Reached skill level 5 in Invocations
 15046 | Lair:2   | Noticed a six-headed hydra
 15060 | Lair:2   | Killed a six-headed hydra
 15061 | Lair:2   | Reached skill level 9 in Long Blades
 15242 | Lair:2   | Noticed a queen ant
 15253 | Lair:2   | Killed a queen ant
 15253 | Lair:2   | Received a gift from Okawaru
 15254 | Lair:2   | Reached skill level 5 in Throwing
 15457 | Lair:2   | Found a transporter.
 16185 | Lair:3   | Noticed a boulder beetle
 16227 | Lair:3   | Killed a boulder beetle
 16268 | Lair:3   | Noticed Gastronok
 16661 | Lair:3   | Killed Gastronok
 16661 | Lair:3   | Received a gift from Okawaru
 16662 | Lair:3   | Reached skill level 10 in Long Blades
 16938 | Lair:3   | Received a gift from Okawaru
 17154 | Lair:3   | Found a hole to the Spider Nest.
 17301 | Lair:4   | Noticed a six-headed hydra
 17336 | Lair:4   | Received a gift from Okawaru
 17380 | Lair:4   | Killed a six-headed hydra
 17546 | Lair:4   | Noticed a catoblepas
 17567 | Lair:4   | Killed a catoblepas
 17572 | Lair:4   | Reached XP level 13. HP: 47/116 MP: 3/16
 18223 | Lair:4   | Identified a scroll of acquirement
 18224 | Lair:4   | Acquired 1010 gold pieces
 18583 | Lair:5   | Found a transporter.
 18619 | Lair:5   | Found a staircase to the Slime Pits.
 18619 | Lair:5   | Found a viscous altar of Jiyva.
 18648 | Lair:5   | Found a transporter.
 18648 | Lair:5   | Noticed Panli's ghost (journeyman CeAM)
 18853 | Lair:5   | Reached skill level 11 in Long Blades
 18863 | Lair:5   | Received a gift from Okawaru
 19033 | Lair:5   | Identified the +4 pair of boots of the Stone Wall {+Blink
                  | Dex+3} (Okawaru gifted it to you on level 5 of the Lair of
                  | Beasts)
 19033 | Lair:5   | Received a gift from Okawaru
 20493 | Lair:6   | Entered Level 6 of the Lair of Beasts
 21882 | Lair:6   | Reached skill level 12 in Long Blades
 22248 | Lair:6   | Received a gift from Okawaru
 22251 | Lair:6   | Reached XP level 14. HP: 87/127 MP: 10/18
 22648 | Lair:6   | Received a gift from Okawaru
 22717 | Lair:6   | Reached skill level 13 in Long Blades
 23610 | D:5      | Bought a scroll of fear for 73 gold pieces
 23610 | D:5      | Bought a scroll labelled FIGOUBL DAWEDD for 21 gold pieces
 23610 | D:5      | Bought a lumpy cyan potion for 18 gold pieces
 23783 | D:11     | Received a gift from Okawaru
 24693 | D:12     | Found a gate leading to a gauntlet.
 24704 | Gauntlet | Entered a Gauntlet
 24704 | Gauntlet | Found a transporter.
 24704 | Gauntlet | Found a transporter.
 24704 | Gauntlet | Found a transporter.
 24710 | Gauntlet | Found a transporter.
 24710 | Gauntlet | Found a transporter.
 24717 | Gauntlet | Received a gift from Okawaru
 24766 | Gauntlet | Found a transporter.
 24766 | Gauntlet | Found a transporter.
 24772 | Gauntlet | Identified the +1 pair of boots "Qeom" {Harm +Inv rPois rN+
                  | Str-5}
 24805 | Gauntlet | Found a transporter.
 24827 | Gauntlet | Identified the +0 pair of boots "Wausaran" {rElec rCorr
                  | Str-5 Int+3 Stlth-}
 24847 | Gauntlet | Found a transporter.
 24877 | Gauntlet | Received a gift from Okawaru
 24929 | Gauntlet | Identified Sif Muna's Papyrus of the Earth
 25275 | D:12     | Received a gift from Okawaru
 25278 | D:12     | Found a staircase to the Orcish Mines.
 25591 | D:12     | Found an ancient bone altar of Kikubaaqudgha.
 26017 | D:13     | Identified the +1 ring mail of Ecicw {Rampage rPois Str+2
                  | Dex+3 Stlth+} (Okawaru gifted it to you on level 13 of the
                  | Dungeon)
 26017 | D:13     | Received a gift from Okawaru
 26871 | D:13     | Identified the +0 robe of Dithmenos's Outrage {rElec rPois}
 26888 | D:13     | Found Haguhad's Antique Armour Emporium.
 27040 | D:13     | Reached skill level 14 in Long Blades
 27295 | D:13     | Found a gate to the Vaults.
 27328 | D:13     | Reached XP level 15. HP: 112/136 MP: 11/20
 27711 | D:14     | Identified Sif Muna's Handbook of Glacial Dislocation
 27720 | D:14     | Identified the +9 hand axe "Demonslayer" {flame, Str+2}
 27734 | D:14     | Reached skill level 1 in Armour
 28111 | D:14     | Received a gift from Okawaru
 28873 | D:15     | Entered Level 15 of the Dungeon
 29247 | D:15     | Received a gift from Okawaru
 29398 | D:15     | Found a staircase to the Depths.
 29446 | D:15     | Received a gift from Okawaru
 29601 | D:15     | Found a radiant altar of Vehumet.
 30195 | D:15     | Reached skill level 15 in Long Blades
 30707 | Lair:2   | Killed bilbop's ghost
 30707 | Lair:2   | Received a gift from Okawaru
 30708 | Lair:2   | Reached skill level 5 in Dodging
 30937 | Orc:1    | Entered Level 1 of the Orcish Mines
 31113 | D:12     | Upgraded the game from 0.27-a0-637-g3a9f0a9c12 to
                  | 0.27-a0-650-g8dd3ea4f36
 31124 | Orc:1    | Noticed an orc warlord
 31135 | Orc:1    | Killed an orc warlord
 31994 | Orc:1    | Noticed Josephine
 32002 | Orc:1    | Killed Josephine
 32924 | Orc:1    | Found Byof's Distillery.
 32929 | Orc:1    | Bought 2 potions of cancellation for 224 gold pieces
 32929 | Orc:1    | Bought a potion of curing for 42 gold pieces
 32929 | Orc:1    | Bought 2 potions of resistance for 280 gold pieces
 32929 | Orc:1    | Bought a potion of curing for 42 gold pieces
 32929 | Orc:1    | Bought a potion of mutation for 112 gold pieces
 32929 | Orc:1    | Bought a potion of heal wounds for 70 gold pieces
 32929 | Orc:1    | Bought a potion of curing for 42 gold pieces
 33017 | Orc:2    | Entered Level 2 of the Orcish Mines
 33591 | Orc:2    | Noticed Urug
 33600 | Orc:2    | Killed Urug
 34290 | Orc:2    | Reached XP level 16. HP: 145/145 MP: 22/22
 35383 | Orc:2    | Found a staircase to the Elven Halls.
 35512 | Orc:2    | Reached skill level 5 in Armour
 35517 | Orc:2    | Received a gift from Okawaru
 35529 | Orc:2    | Reached skill level 10 in Invocations
 35819 | Orc:2    | Found Komn's Jewellery Shoppe.
 35819 | Orc:2    | Found Qiank's Assorted Antiques.
 35821 | Orc:2    | Found Vuej's Distillery.
 35821 | Orc:2    | Found Niowuwucha's Jewellery Emporium.
 35850 | Orc:2    | Bought a scroll of identify for 44 gold pieces
 35853 | Orc:2    | Bought a potion of might for 60 gold pieces
 35853 | Orc:2    | Bought 2 potions of mutation for 240 gold pieces
 35853 | Orc:2    | Bought a potion of mutation for 120 gold pieces
 35854 | Orc:2    | Bought the ring of Ziwienud {+Fly Str+4} for 329 gold
                  | pieces
 35854 | Orc:2    | Bought a +4 ring of slaying for 780 gold pieces
 35892 | Orc:2    | Bought an amulet of reflection for 300 gold pieces
 36107 | Orc:2    | Gained mutation: You are dopey. (Int -2) [potion of
                  | mutation]
 36107 | Orc:2    | Lost mutation: You are dopey. (Int -2) [potion of mutation]
 36107 | Orc:2    | Gained mutation: You are dopey. (Int -2) [potion of
                  | mutation]
 36107 | Orc:2    | Gained mutation: You are somewhat resistant to further
                  | mutation. [potion of mutation]
 36108 | Orc:2    | Lost mutation: You are dopey. (Int -2) [potion of mutation]
 36108 | Orc:2    | Lost mutation: You are somewhat resistant to further
                  | mutation. [potion of mutation]
 36108 | Orc:2    | Gained mutation: Your natural rate of healing is unusually
                  | fast. [potion of mutation]
 36108 | Orc:2    | Gained mutation: Your magical capacity is low. (-10% MP)
                  | [potion of mutation]
 36108 | Orc:2    | Gained mutation: You are resistant to electric shocks.
                  | (rElec) [potion of mutation]
 36318 | Spider:1 | Entered Level 1 of the Spider Nest
 36392 | Spider:1 | Reached skill level 16 in Long Blades
 37442 | Spider:1 | Received a gift from Okawaru
 37566 | Spider:1 | Noticed Agnes
 37574 | Spider:1 | Killed Agnes
 37593 | Spider:1 | Received a gift from Okawaru
 37719 | Spider:1 | Received a gift from Okawaru
 37721 | Spider:1 | Reached skill level 10 in Evocations
 38460 | Spider:2 | Received a gift from Okawaru
 38846 | Spider:3 | Received a gift from Okawaru
 39290 | Spider:3 | Received a gift from Okawaru
 39644 | Spider:3 | Received a gift from Okawaru
 39658 | Spider:3 | Reached XP level 17. HP: 119/154 MP: 1/21
 40313 | Spider:4 | Entered Level 4 of the Spider Nest
 40516 | Spider:4 | Found a frozen archway.
 40531 | IceCv    | Entered an ice cave
 40542 | IceCv    | Received a gift from Okawaru
 40739 | IceCv    | Received a gift from Okawaru
 40748 | IceCv    | Reached skill level 17 in Long Blades
 41049 | IceCv    | Noticed an Ice Fiend
 41050 | IceCv    | Found the +27 Lear's hauberk
 41055 | IceCv    | Killed an Ice Fiend
 41056 | IceCv    | Reached skill level 15 in Axes
 41524 | Spider:4 | Noticed Arachne
 41726 | Spider:4 | Reached skill level 15 in Fighting
 42146 | Spider:4 | Killed Arachne
 42146 | Spider:4 | Received a gift from Okawaru
 42383 | Spider:4 | Identified the +1 kite shield of Juocosoy {rCorr} (Okawaru
                  | gifted it to you on level 4 of the Spider Nest)
 42383 | Spider:4 | Received a gift from Okawaru
 43161 | Spider:4 | Got a gossamer rune of Zot
 43518 | Shoals:1 | Entered Level 1 of the Shoals
 43857 | Shoals:1 | Identified the +3 leather armour "Norhytowu" {Dex+9}
 44086 | Shoals:1 | Noticed Aizul
 44098 | Shoals:1 | Killed Aizul
 44224 | Shoals:1 | You fall into a shaft and drop 1 floor!
 44226 | Shoals:2 | Reached XP level 18. HP: 163/163 MP: 22/22
 44683 | Shoals:2 | Found a one-way gate to the infinite horrors of the Abyss.
 44683 | Shoals:2 | Noticed Demosthentine's ghost (adept MfGl)
 44710 | Shoals:2 | Found a transporter.
 44730 | Shoals:2 | Identified the +5 scimitar "Dragonslayer" {vorpal, *Rage
                  | +Blink rElec rC+}
 44759 | Shoals:2 | Received a gift from Okawaru
 44764 | Shoals:2 | Reached skill level 18 in Long Blades
 44794 | Shoals:2 | Identified the +10 trident of the Whelk {distort, Str+4}
 44798 | Shoals:2 | Found a transporter.
 44890 | Shoals:2 | Identified the +1 short sword "Izioshrei" {venom, +Inv}
 45140 | Shoals:3 | Received a gift from Okawaru
 45291 | Shoals:3 | Found a transporter.
 45294 | Shoals:3 | Found a transporter.
 45319 | Shoals:3 | Noticed finalsalamander's ghost (adept HOMo)
 45396 | Shoals:3 | Noticed Mara
 45397 | Shoals:3 | Noticed Pooter's illusion
 45417 | Shoals:3 | Killed Mara
 45860 | Shoals:3 | Noticed Nikola
 45874 | Shoals:3 | Killed Nikola
 46042 | Shoals:4 | Entered Level 4 of the Shoals
 46057 | Shoals:4 | Received a gift from Okawaru
 46144 | Shoals:4 | Identified Nomiloew's Reference Book on Cankerous
                  | Transmutation
 46515 | Shoals:4 | Got a barnacled rune of Zot
 46641 | Shoals:4 | Found a runed translucent door.
 46641 | Shoals:4 | Found a shimmering altar of Xom.
 46641 | Shoals:4 | Noticed gregwegmann's ghost (adept TrMo)
 46642 | Shoals:4 | Found the +7 mace of Variability {chain chaos}
 46869 | Shoals:4 | Received a gift from Okawaru
 47454 | Elf:1    | Entered Level 1 of the Elven Halls
 47500 | Elf:1    | Received a gift from Okawaru
 48305 | Elf:1    | Received a gift from Okawaru
 48306 | Elf:1    | Reached skill level 10 in Dodging
 48306 | Elf:1    | Reached XP level 19. HP: 86/172 MP: 8/24
 48498 | Elf:1    | Found Rinuq's Jewellery Shop.
 48498 | Elf:1    | Found Meot Deac's Book Shoppe.
 48498 | Elf:1    | Found Ocvenomi's Book Shoppe.
 48594 | Elf:1    | Found a huge runed gate.
 48594 | Elf:1    | Found a huge runed gate.
 48595 | Elf:1    | Found a huge runed gate.
 48597 | Elf:1    | Found a huge runed gate.
 48597 | Elf:1    | Found a huge runed gate.
 48597 | Elf:1    | Found a huge runed gate.
 48597 | Elf:1    | Found a huge runed gate.
 48597 | Elf:1    | Found a huge runed gate.
 48597 | Elf:1    | Found a huge runed gate.
 48598 | Elf:1    | Found a huge runed gate.
 48606 | Elf:1    | Found a huge runed gate.
 48606 | Elf:1    | Found a huge runed gate.
 48606 | Elf:1    | Found a huge runed gate.
 48683 | Elf:1    | Reached skill level 10 in Armour
 48824 | Elf:1    | Found a huge runed gate.
 48831 | Elf:1    | Found a huge runed gate.
 48831 | Elf:1    | Found a huge runed gate.
 48848 | Elf:1    | Received a gift from Okawaru
 48849 | Elf:1    | Reached skill level 19 in Long Blades
 48878 | Orc:2    | Received a gift from Okawaru
 49794 | Orc:2    | Bought a scroll of enchant armour for 165 gold pieces
 50491 | Elf:2    | Found a runed translucent gate.
 50492 | Elf:2    | Found a runed translucent gate.
 50493 | Elf:2    | Found a runed translucent gate.
 50495 | Elf:2    | Noticed Gerad's ghost (veteran VSAK)
 50507 | Elf:2    | Killed Gerad's ghost
 50513 | Elf:2    | Identified the ring of the Good {rElec rF+ rN+ Int-5}
 50759 | Elf:2    | Found Huosagg's Distillery.
 50764 | Elf:2    | Bought a potion of mutation for 128 gold pieces
 50764 | Elf:2    | Bought a potion of heal wounds for 80 gold pieces
 50764 | Elf:2    | Bought a potion of curing for 48 gold pieces
 50764 | Elf:2    | Bought a potion of might for 64 gold pieces
 50764 | Elf:2    | Bought a potion of heal wounds for 80 gold pieces
 50764 | Elf:2    | Bought 2 potions of mutation for 256 gold pieces
 50764 | Elf:2    | Bought a potion of heal wounds for 80 gold pieces
 51118 | Elf:2    | Found a huge runed translucent gate.
 51118 | Elf:2    | Found a huge runed translucent gate.
 51118 | Elf:2    | Found a huge runed translucent gate.
 51118 | Elf:2    | Found a huge runed translucent gate.
 51118 | Elf:2    | Found a huge runed translucent gate.
 51259 | Elf:3    | Entered Level 3 of the Elven Halls
 51276 | Elf:3    | Received a gift from Okawaru
 52128 | Elf:3    | Received a gift from Okawaru
 52193 | Elf:3    | Received a gift from Okawaru
 52209 | Elf:3    | Cast into level 3 of the Abyss (a deep elf sorcerer)
 52303 | Abyss:3  | Gained mutation: You are occasionally teleported next to
                  | monsters. [a neqoxec]
 52312 | Abyss:3  | Received a gift from Okawaru
 52365 | Abyss:3  | Gained mutation: You tend to lose your temper in combat. [a
                  | neqoxec]
 52400 | Abyss:4  | Found a corrupted altar of Lugonu.
 52444 | Abyss:5  | Entered Level 5 of the Abyss
 52446 | Abyss:5  | Found a corrupted altar of Lugonu.
 52513 | Abyss:5  | Received a gift from Okawaru
 52590 | Elf:3    | Escaped the Abyss
 52665 | Elf:3    | Lost mutation: Your magical capacity is low. (-10% MP)
                  | [potion of mutation]
 52665 | Elf:3    | Lost mutation: You tend to lose your temper in combat.
                  | [potion of mutation]
 52665 | Elf:3    | Gained mutation: Your system is resistant to poisons.
                  | (rPois) [potion of mutation]
 52665 | Elf:3    | Gained mutation: You are partially covered in iridescent
                  | scales. (AC +2) [potion of mutation]
 52692 | Elf:3    | Killed from afar by a deep elf knight

Illustrated notes

Levels and vault maps discovered:
D:1:      dpeg_arrival_pits, layout_rooms, minivault_25, serial_bayou_pond_b
D:2:      layout_loops_ring
D:3:      layout_loops_ring, kennysheep_nondescript, minmay_pentomino_pile
D:4:      layout_gridville, serial_shops, kennysheep_mini_moat, shop,
          nicolae_shop_behind_doors, shop, shop, supply_closet_lemuel,
          uniq_pikel, uniq_crazy_yiuf_cottage
D:5:      layout_layer_cave, chequers_ossuary_entry_cave, gup_sewer_entry_pipe,
          serial_shops, shop, dk_vineyard_1
D:6:      layout_basic, minmay_overflow_temple_star_quad, trog_ov_bears_minmay,
          nzn_wu_jian_contemplation, grunt_dithmenos_smoke_and_mirrors,
          uniq_grinder
D:7:      layout_loops_ring, minmay_temple_entry_crystal_x, nrook_uturn,
          minmay_misc_feat_columns, chequers_serial_rivers_micro_d
D:8:      minmay_klotski, layout_cave_pools, vehumet_crystals, enter_bailey_4,
          grunt_qazlal_sundering
D:9:      layout_gridville, grunt_temple_overflow_open
D:10:     layout_layer_cave, erik_lair_island, minmay_fractal_squares_gapless_5
D:11:     layout_gridville
D:12:     layout_irregular_city, orc_david_3, basic_altar,
          gauntlet_entry_generic
D:13:     layout_basic, erik_vaults_2, serial_shops, nicolae_shop_stone,
          serial_glass, glass_columns_a, glass_columns_c
D:14:     layout_stronghold, kennysheep_boxes
D:15:     hangedman_depths_entry_civil_slaughter, layout_basic, basic_altar,
          minmay_misc_feat_ornament
Temple:   chequers_temple_sunken
Lair:1:   layout_gridlike, serial_bayou_pond_c, patterned_corridor, uniq_joseph
Lair:2:   layout_cave_pods, minmay_shoals_entry_beasts,
          gammafunk_ghost_wrathful_warriors, special_room [special_room_bee],
          minmay_another_anthill, grunt_megastairs_4
Lair:3:   layout_chaotic_city, dummy_spider_entry, wad_woods_01, uniq_gastronok
Lair:4:   layout_loops_ring, amcnicky_mini_pool_medium
Lair:5:   layout_roguey, slime_altar_1, gammafunk_ghost_hive,
          serial_bayou_ford_a, beast_lair_carwin_2, minmay_lair_oklob_chamber,
          serial_bayou_shore_a
Lair:6:   grunt_lair_end_beastmaster, layout_cave_pods, minivault_11,
          chequers_serial_rivers_marsh, infiniplex_staircase_pool_2
Shoals:1: layout_shoals, uniq_aizul
Shoals:2: layout_shoals, gammafunk_ghost_abyssal_escape
Shoals:3: layout_shoals, ebering_ghost_davey_jones, yaktaur_hedge, uniq_mara,
          uniq_nikola
Shoals:4: shoals_end_grunt_ice, layout_shoals, ebering_ghost_xom
Spider:1: layout_spider_delve, drop_trap, beargit_elvish_explorers, uniq_agnes
Spider:2: layout_spider_delve, guppyfry_hornet_nest
Spider:3: layout_spider_delve, guppyfry_spider_mini_1
Spider:4: johnstein_spider_rune_arachne_lair,
          portal_ice_cave_entry_ice_statue_one
Orc:1:    layout_diamond_mine, serial_shops, shop_statue, basic_altar,
          uniq_josephine
Orc:2:    st_orc_ogre_mass, layout_diamond_mine, uniq_urug
Elf:1:    minmay_elf_arrival_plus, layout_onion_city,
          kennysheep_underground_church, minivault_25, door_vault,
          minmay_shop_grove
Elf:2:    layout_rooms, serial_shops, shop, ebering_ghost_rock_garden,
          minivault_26, roderic_roman_lattice, uniq_donald
Elf:3:    minmay_elf_hall_spiked, layout_geoelf_castle

Skill      XL: |  1  2  3  4  5  6  7  8  9 10 11 12 13 14 15 16 17 18 19 |
---------------+----------------------------------------------------------+-----
Axes           | 4 5 6 8 9 10 11 12 13 14 15 16 | 16.6
Slings         | 1 2 3 4 5 6 8 10 11 | 11.6
Fighting       | 4 5 6 7 9 10 11 12 13 14 15 16 | 16.6
Evocations     | 2 4 5 6 7 8 9 10 11 12 | 12.0
Long Blades    | 5 8 10 12 14 15 16 17 18 19 | 19.8
Invocations    | 2 4 6 7 8 9 10 11 | 11.9
Throwing       | 2 4 6 7 8 9 |  9.2
Armour         | 4 7 8 9 11 | 11.1
Dodging        | 5 7 8 10 11 | 11.1
Stealth        | |  1.7

Action                   |  1- 3 |  4- 6 |  7- 9 | 10-12 | 13-15 | 16-18 | 19-21 || total
-------------------------+-------+-------+-------+-------+-------+-------+-------++-------
Melee: Hand axe          |    76 |    42 |       |       |       |       |       ||   118
       Headbutt          |    10 |     9 |    38 |    38 |   121 |   146 |    46 ||   408
       War axe           |       |    20 |   264 |       |       |       |       ||   284
       Great sword       |       |       |    14 |   140 |   452 |   543 |    30 ||  1179
       Battleaxe         |       |       |       |       |    25 |       |       ||    25
       Broad axe         |       |       |       |       |       |    35 |   156 ||   191
 Fire: Hunting sling     |    44 |    38 |    66 |   345 |   531 |   437 |     4 ||  1465
Throw: Stone             |       |     2 |       |       |       |       |       ||     2
       Boomerang         |       |     3 |    68 |    44 |   114 |   223 |    69 ||   521
       Dart              |       |       |       |       |     1 |     1 |       ||     2
       Javelin           |       |       |       |       |       |     4 |    17 ||    21
Invok: Heroism           |       |       |     2 |     5 |    20 |    26 |     9 ||    62
       Finesse           |       |       |       |       |    10 |    11 |     4 ||    25
 Abil: Evoke Flight      |       |       |       |       |       |    38 |       ||    38
       Evoke Invisibilit |       |       |       |       |       |     2 |       ||     2
Evoke: Wand              |       |       |    11 |       |    18 |    23 |    11 ||    63
       Condenser vane    |       |       |       |     2 |     1 |     1 |       ||     4
       Tin of tremorston |       |       |       |       |     3 |     3 |       ||     6
       Box of beasts     |       |       |       |       |     1 |     1 |       ||     2
  Use: Scroll            |     4 |     4 |    12 |     8 |    13 |    14 |    15 ||    70
       Potion            |       |       |       |       |     9 |    18 |     6 ||    33
 Stab: Sleeping          |     5 |       |       |       |       |       |       ||     5
       Petrified         |       |       |       |     4 |     5 |       |       ||     9
       Paralysed         |       |       |       |       |     1 |     3 |       ||     4
       Invisible         |       |       |       |       |       |     8 |       ||     8
Armor: Robe              |    12 |       |       |       |       |       |       ||    12
       Plate armour      |    16 |    32 |   291 |   135 |   347 |   590 |    29 ||  1440
       Crystal plate arm |       |       |       |       |       |       |    96 ||    96
Dodge: Dodged            |    42 |    17 |   122 |    82 |   189 |   385 |    68 ||   905
Block: Buckler           |       |       |     9 |       |       |       |       ||     9
       Other             |       |       |       |       |       |   201 |    26 ||   227
       Reflection        |       |       |       |       |       |     8 |     6 ||    14
       Rpst.: Great sword |       |       |     3 |    25 |    33 |    54 |     2 ||   117

Table legend: (Time is in decaauts)
 A = Elapsed time spent in this place.
 B = Non-inter-level travel time spent in this place.
 C = Inter-level travel time spent in this place.
 D = Time resting spent in this place.
 E = Time spent auto-exploring this place.
 F = Levels seen in this place.
 G = Mean time per level.
                   A        B        C        D        E       F      G
               +--------+--------+--------+--------+--------+-----+--------+
         Total |  51969 |  48523 |   3446 |  17047 |  20921 |  42 | 1237.4 |
       Dungeon |  18773 |  16787 |   1986 |   3276 |  10482 |  15 | 1251.5 |
        Temple |     21 |     12 |      9 |      0 |      2 |   1 |   21.0 |
          Lair |  11212 |  10626 |    586 |   3968 |   4620 |   6 | 1868.7 |
        Shoals |   3803 |   3574 |    229 |    613 |   2021 |   4 |  950.8 |
   Spider Nest |   6302 |   6150 |    152 |   3329 |   1348 |   4 | 1575.5 |
  Orcish Mines |   5124 |   4741 |    383 |   2941 |   1045 |   2 | 2562.0 |
   Elven Halls |   3973 |   3874 |     99 |   1360 |   1334 |   3 | 1324.3 |
         Abyss |    371 |    371 |      0 |    156 |      0 |   3 |  123.7 |
         Sewer |    467 |    467 |      0 |    169 |     33 |   1 |  467.0 |
        Bailey |   1073 |   1073 |      0 |    875 |      0 |   1 | 1073.0 |
      Ice Cave |    638 |    638 |      0 |    310 |     33 |   1 |  638.0 |
      Gauntlet |    208 |    208 |      0 |     48 |      0 |   1 |  208.0 |
               +--------+--------+--------+--------+--------+-----+--------+

Top non-repeatable levels by time:
   Orc:2: 2994 daAuts
  Lair:6: 2769 daAuts
  Lair:2: 2197 daAuts
   Elf:1: 2160 daAuts
   Orc:1: 2129 daAuts
Spider:3: 1990 daAuts
  Lair:5: 1893 daAuts
Spider:4: 1830 daAuts
  Lair:1: 1791 daAuts
    D:10: 1686 daAuts
    D:13: 1673 daAuts
     D:5: 1656 daAuts
    D:12: 1617 daAuts
Spider:1: 1551 daAuts
    D:14: 1522 daAuts
